[Event "3rd BSSZ-Aranytiz GM 2019"]
[Site "Budapest"]
[Date "2019.08.16"]
[Round "1.1"]
[White "Akshat, Khamparia"]
[Black "Martinovici, Ilie"]
[Result "1/2-1/2"]
[ECO "E25"]
[WhiteElo "2393"]
[BlackElo "2405"]
[Annotator "NA"]
[PlyCount "118"]
[EventDate "2019.08.16"]
[EventType "tourn"]
[EventCountry "HUN"]
[SourceTitle "playchess.com"]
[Source "ChessBase"]
[SourceQuality "1"]
[TimeControl "40/5400+30:1800+30"]

1. d4 Nf6 2. c4 e6 3. Nc3 Bb4 4. f3 d5 5. a3 Bxc3+ 6. bxc3 c5 7. cxd5 exd5 8. e3 Bf5 9. Ne2 Nc6 10. Ng3 Bg6 11. Bd3 O-O 12. O-O Re8 13. Re1 Qd7 14. Ra2 Rac8 15. Rae2 Na5 16. Bb2 cxd4 17. cxd4 Nc4 18. Bc1 b5 19. Nf1 Nd6 20. Bxg6 hxg6 21. Nd2 Nc4 22. Nb3 Qe7 23. e4 dxe4 24. fxe4 Nd7 25. d5 Nde5 26. Ra2 Nd6 27. a4 b4 28. Rae2 Qd7 29. Nd4 Rc3 30. Bb2 Rd3 31. Qb1 Qg4 32. Kh1 Ndc4 33. Ba1 Ra3 34. Qxb4 Nd3 35. Qxc4 Nxe1 36. Rxe1 Rxe4 37. Rg1 Qh5 38. Qc8+ Kh7 39. Bb2 Rd3 40. d6 Rh4 41. h3 f5 42. Qc2 Rdxh3+ 43. gxh3 Rxh3+ 44. Kg2 Rh2+ 45. Kf1 Rxc2 46. Nxc2 Qd1+ 47. Ne1 Qxd6 48. Rg2 Qf4+ 49. Rf2 Qxa4 50. Nf3 Qb4 51. Be5 Qc4+ 52. Re2 Qg4 53. Rh2+ Kg8 54. Kf2 Qe4 55. Rh4 Qc2+ 56. Kg3 Qb3 57. Kf2 Qc2+ 58. Kg3 Qe2 59. Rb4 g5 1/2-1/2

[Event "3rd BSSZ-Aranytiz GM 2019"]
[Site "Budapest"]
[Date "2019.08.16"]
[Round "1.2"]
[White "Csonka, Balazs"]
[Black "Farago, Ivan"]
[Result "1-0"]
[ECO "C18"]
[WhiteElo "2472"]
[BlackElo "2350"]
[Annotator "ChessBase"]
[PlyCount "75"]
[EventDate "2019.08.16"]
[EventType "tourn"]
[EventCountry "HUN"]
[SourceTitle "playchess.com"]
[Source "ChessBase"]
[SourceQuality "1"]
[TimeControl "40/5400+30:1800+30"]

1. e4 e6 2. d4 d5 3. Nc3 Bb4 4. e5 c5 5. a3 Bxc3+ 6. bxc3 Qa5 7. Bd2 Qa4 8. Qg4 Kf8 9. Nf3 Nc6 10. Be2 Qxc2 11. dxc5 Qe4 12. Qxe4 dxe4 13. Ng5 f5 14. exf6 Nxf6 15. f3 exf3 16. Bxf3 h6 17. Ne4 Ne5 18. O-O Ke7 19. Nxf6 Nxf3+ 20. Rxf3 gxf6 21. Raf1 f5 22. Re1 Kf7 23. Rd3 Ke8 24. Rb1 Rh7 25. Bf4 h5 26. Rg3 e5 27. Bxe5 Be6 28. Rg6 Bd5 29. Rf1 Ke7 30. Rd1 Bc6 31. Rdd6 Re8 32. Bf4 Kf8 33. Bh6+ Kf7 34. Rdf6+ Ke7 35. Rd6 Kf7 36. Kf2 Rg8 37. Rdf6+ Ke7 38. Re6+ 1-0

[Event "3rd BSSZ-Aranytiz GM 2019"]
[Site "Budapest"]
[Date "2019.08.16"]
[Round "1.3"]
[White "Horvath, Adam"]
[Black "Polyik, Peter"]
[Result "0-1"]
[ECO "B42"]
[WhiteElo "2517"]
[BlackElo "2328"]
[Annotator "ChessBase"]
[PlyCount "66"]
[EventDate "2019.08.16"]
[EventType "tourn"]
[EventCountry "HUN"]
[SourceTitle "playchess.com"]
[Source "ChessBase"]
[SourceQuality "1"]
[TimeControl "40/5400+30:1800+30"]

1. e4 c5 2. Nf3 e6 3. d4 cxd4 4. Nxd4 a6 5. Bd3 Ne7 6. O-O Nbc6 7. c3 d5 8. Re1 dxe4 9. Bxe4 Nxd4 10. cxd4 Nd5 11. Nc3 Nf6 12. d5 Be7 13. Bf4 exd5 14. Nxd5 Nxd5 15. Bxd5 O-O 16. Qb3 Bc5 17. Rad1 Qf6 18. Qg3 a5 19. h4 Ra6 20. h5 Rb6 21. Be5 Qh6 22. Bc3 Bb4 23. Qc7 Bd6 24. Bxf7+ Kh8 25. Qc4 Rc6 26. Qd4 Bc5 27. Qd8 Qf4 28. Re8 Qxf2+ 29. Kh1 Qxf7 30. Rxf8+ Bxf8 31. Kg1 Qe7 32. Bxa5 Qc5+ 33. Rd4 Qxd4+ 0-1

[Event "3rd BSSZ-Aranytiz GM 2019"]
[Site "Budapest"]
[Date "2019.08.16"]
[Round "1.4"]
[White "Horvath, Dominik"]
[Black "Secheres, Adrian-Simion"]
[Result "1-0"]
[ECO "E94"]
[WhiteElo "2425"]
[BlackElo "2394"]
[Annotator "NA"]
[PlyCount "95"]
[EventDate "2019.08.16"]
[EventType "tourn"]
[EventCountry "HUN"]
[SourceTitle "playchess.com"]
[Source "ChessBase"]
[SourceQuality "1"]
[TimeControl "40/5400+30:1800+30"]

1. c4 g6 2. e4 Bg7 3. d4 d6 4. Nc3 Nf6 5. Nf3 O-O 6. Be2 e5 7. O-O exd4 8. Nxd4 Re8 9. f3 c6 10. Bf4 Nh5 11. Be3 f5 12. Qd2 f4 13. Bf2 Be5 14. Rfd1 Qf6 15. Rac1 Nd7 16. b4 Nf8 17. Nb3 Be6 18. Bd4 Bf7 19. Na5 Qe7 20. Bxe5 dxe5 21. Qd6 a6 22. c5 Ng7 23. Bc4 Bxc4 24. Qxe7 Rxe7 25. Nxc4 Rc8 26. Na4 Rcc7 27. Rd8 Nge6 28. Rb8 Nd4 29. Rd1 Kg7 30. Nxe5 Nd7 31. Rd8 Nxe5 32. R1xd4 g5 33. Nb6 g4 34. Kf2 Re6 35. R4d6 Rg6 36. Re8 Rg5 37. Rdd8 gxf3 38. Rg8+ Kh6 39. Rxg5 Kxg5 40. gxf3 Rg7 41. Rd6 Kh4 42. a3 h5 43. Rf6 Kh3 44. Rf5 Ng6 45. Rg5 h4 46. Kg1 a5 47. bxa5 Rg8 48. Nc4 1-0

[Event "3rd BSSZ-Aranytiz GM 2019"]
[Site "Budapest"]
[Date "2019.08.16"]
[Round "1.5"]
[White "Aczel, Gergely"]
[Black "Kozak, Adam"]
[Result "1-0"]
[ECO "A04"]
[WhiteElo "2538"]
[BlackElo "2495"]
[Annotator "ChessBase"]
[PlyCount "83"]
[EventDate "2019.08.16"]
[EventType "tourn"]
[EventCountry "HUN"]
[SourceTitle "playchess.com"]
[Source "ChessBase"]
[SourceQuality "1"]
[TimeControl "40/5400+30:1800+30"]

1. Nf3 c5 2. g3 Nc6 3. c4 e5 4. Nc3 g6 5. Bg2 Bg7 6. O-O Nge7 7. d3 O-O 8. Ne1 d6 9. Nc2 Be6 10. Ne3 Rb8 11. b3 a6 12. Bb2 b5 13. Ncd5 f5 14. f4 Kh8 15. Qd2 Nd4 16. Rae1 Re8 17. Nd1 Qd7 18. e3 Ndc6 19. N1c3 Bg8 20. Kh1 Nxd5 21. cxd5 Nd8 22. e4 exf4 23. gxf4 Nf7 24. Ne2 Nh6 25. Ng3 c4 26. Bxg7+ Qxg7 27. e5 dxe5 28. fxe5 cxd3 29. e6 Rbd8 30. h3 Rd6 31. Qf4 Rdd8 32. Qg5 Rd6 33. Rd1 Red8 34. Rfe1 d2 35. Rxd2 a5 36. Kh2 Rf8 37. Qf4 Ra6 38. e7 Re8 39. d6 g5 40. Qd4 f4 41. Qxg7+ Kxg7 42. Nh5+ 1-0

[Event "3rd BSSZ-Aranytiz GM 2019"]
[Site "Budapest"]
[Date "2019.08.17"]
[Round "2.1"]
[White "Martinovici, Ilie"]
[Black "Kozak, Adam"]
[Result "0-1"]
[ECO "A40"]
[WhiteElo "2405"]
[BlackElo "2495"]
[Annotator "ChessBase"]
[PlyCount "104"]
[EventDate "2019.08.16"]
[EventType "tourn"]
[EventCountry "HUN"]
[SourceTitle "playchess.com"]
[Source "ChessBase"]
[SourceQuality "1"]
[TimeControl "40/5400+30:1800+30"]

1. d4 Nf6 2. c4 e6 3. g3 Bb4+ 4. Nd2 c5 5. a3 Bxd2+ 6. Qxd2 cxd4 7. Nf3 b6 8. Bg2 Bb7 9. Qxd4 Nc6 10. Qd1 Ne5 11. Qd4 Nc6 12. Qd1 Ne5 13. Qd4 Nc6 14. Qd1 Na5 15. b3 d5 16. Bd2 dxc4 17. Bxa5 Qxd1+ 18. Rxd1 bxa5 19. bxc4 Rc8 20. Rc1 Ke7 21. O-O Bxf3 22. Bxf3 Rc5 23. Rb1 Rhc8 24. Rb7+ R8c7 25. Rfb1 Rxc4 26. Rxc7+ Rxc7 27. Rb5 Nd7 28. Rxa5 Nc5 29. Rb5 Kd6 30. Rb1 Nd7 31. Be4 h6 32. Rd1+ Ke5 33. Bc6 Nb6 34. f4+ Kf6 35. Bb5 g5 36. fxg5+ hxg5 37. h4 gxh4 38. gxh4 Nd5 39. Rd3 Ke5 40. Rf3 f5 41. Kf2 f4 42. Rh3 Rc1 43. Kg2 Ne3+ 44. Kh2 Kf5 45. Bd3+ Kg4 46. h5 Kg5 47. h6 Ng4+ 48. Kg2 Nxh6 49. Kf3 Rg1 50. Ke4 Rg3 51. Rh1 Nf5 52. Ke5 Re3+ 0-1

[Event "3rd BSSZ-Aranytiz GM 2019"]
[Site "Budapest"]
[Date "2019.08.17"]
[Round "2.2"]
[White "Secheres, Adrian-Simion"]
[Black "Aczel, Gergely"]
[Result "1/2-1/2"]
[ECO "E12"]
[WhiteElo "2394"]
[BlackElo "2538"]
[Annotator "ChessBase"]
[PlyCount "94"]
[EventDate "2019.08.16"]
[EventType "tourn"]
[EventCountry "HUN"]
[SourceTitle "playchess.com"]
[Source "ChessBase"]
[SourceQuality "1"]
[TimeControl "40/5400+30:1800+30"]

1. d4 Nf6 2. c4 e6 3. Nf3 b6 4. Bf4 Bb7 5. e3 d5 6. Nc3 Nbd7 7. Rc1 Bb4 8. a3 Bxc3+ 9. Rxc3 c5 10. Be2 O-O 11. O-O Ne4 12. Rc1 g5 13. Bg3 Qe7 14. dxc5 Nxg3 15. hxg3 Nxc5 16. b4 Ne4 17. cxd5 Bxd5 18. Qc2 a5 19. Bd3 Qb7 20. Qb2 axb4 21. axb4 f6 22. Ra1 e5 23. Rfc1 Rxa1 24. Rxa1 Ra8 25. Rxa8+ Qxa8 26. Qc2 Qc6 27. Qxc6 Bxc6 28. Bxe4 Bxe4 29. Nd2 Bd3 30. e4 Kf7 31. f3 Ke6 32. Kf2 Kd6 33. Ke3 Bc2 34. Nf1 h5 35. Kd2 Bb3 36. Ne3 Be6 37. Nd1 Bc4 38. Ke3 Bf1 39. Kf2 Bc4 40. Nc3 Be6 41. Ke3 Kc6 42. Kf2 f5 43. exf5 Bxf5 44. Ke3 Bg6 45. f4 gxf4+ 46. gxf4 Kd6 47. Na4 Kc6 1/2-1/2

[Event "3rd BSSZ-Aranytiz GM 2019"]
[Site "Budapest"]
[Date "2019.08.17"]
[Round "2.3"]
[White "Polyik, Peter"]
[Black "Horvath, Dominik"]
[Result "1/2-1/2"]
[ECO "A46"]
[WhiteElo "2328"]
[BlackElo "2425"]
[Annotator "NA"]
[PlyCount "88"]
[EventDate "2019.08.16"]
[EventType "tourn"]
[EventCountry "HUN"]
[SourceTitle "playchess.com"]
[Source "ChessBase"]
[SourceQuality "1"]
[TimeControl "40/5400+30:1800+30"]

1. d4 Nf6 2. Nf3 d5 3. c4 e6 4. g3 Bb4+ 5. Bd2 Be7 6. Bg2 c6 7. Qc2 Nbd7 8. O-O b6 9. Rd1 Ba6 10. Ne5 Nxe5 11. dxe5 Nd7 12. cxd5 cxd5 13. Bc3 Qc7 14. Qd2 Rd8 15. f4 O-O 16. Bd4 b5 17. Qe3 Bc5 18. Nd2 b4 19. Nb3 Bxd4 20. Nxd4 Qb6 21. Kf2 Nc5 22. Nb3 Rc8 23. Rac1 Na4 24. Qxb6 axb6 25. Rxc8 Rxc8 26. Nd4 Rc5 27. Rd2 Rc8 28. e4 dxe4 29. Nc6 Kf8 30. Nxb4 Bb7 31. Ke3 Rc1 32. Rd7 Nc5 33. Rd6 Re1+ 34. Kf2 Rb1 35. Rd2 f5 36. exf6 gxf6 37. g4 Ke7 38. Ke3 f5 39. gxf5 exf5 40. Bh3 Ke6 41. Nc2 Nd3 42. Rg2 Rf1 43. Nd4+ Kf6 44. Rg5 Rxf4 1/2-1/2

[Event "3rd BSSZ-Aranytiz GM 2019"]
[Site "Budapest"]
[Date "2019.08.17"]
[Round "2.4"]
[White "Farago, Ivan"]
[Black "Horvath, Adam"]
[Result "1-0"]
[ECO "D37"]
[WhiteElo "2350"]
[BlackElo "2517"]
[Annotator "ChessBase"]
[PlyCount "59"]
[EventDate "2019.08.16"]
[EventType "tourn"]
[EventCountry "HUN"]
[SourceTitle "playchess.com"]
[Source "ChessBase"]
[SourceQuality "1"]
[TimeControl "40/5400+30:1800+30"]

1. d4 Nf6 2. c4 e6 3. Nf3 d5 4. Nc3 dxc4 5. e3 a6 6. Bxc4 b5 7. Bd3 Bb7 8. Qe2 c5 9. dxc5 Nc6 10. O-O Bxc5 11. a3 Qc7 12. b4 Bd6 13. Bb2 Ng4 14. h3 Nge5 15. Nxe5 Nxe5 16. Rac1 Nxd3 17. Qxd3 Rd8 18. Qe2 Qe7 19. a4 bxa4 20. Nxa4 Bxb4 21. Rc4 h5 22. Rd1 a5 23. Rxd8+ Qxd8 24. Nc5 Bxg2 25. Kxg2 Qg5+ 26. Kf1 Bxc5 27. Qc2 Qd5 28. Rxc5 Qh1+ 29. Ke2 O-O 30. Rxh5 1-0

[Event "3rd BSSZ-Aranytiz GM 2019"]
[Site "Budapest"]
[Date "2019.08.17"]
[Round "2.5"]
[White "Akshat, Khamparia"]
[Black "Csonka, Balazs"]
[Result "1-0"]
[ECO "D84"]
[WhiteElo "2393"]
[BlackElo "2472"]
[Annotator "ChessBase"]
[PlyCount "118"]
[EventDate "2019.08.16"]
[EventType "tourn"]
[EventCountry "HUN"]
[SourceTitle "playchess.com"]
[Source "ChessBase"]
[SourceQuality "1"]
[TimeControl "40/5400+30:1800+30"]

1. d4 Nf6 2. c4 g6 3. Nc3 d5 4. Bf4 Bg7 5. e3 O-O 6. cxd5 Nxd5 7. Nxd5 Qxd5 8. Bxc7 Na6 9. Bxa6 Qxg2 10. Qf3 Qxf3 11. Nxf3 bxa6 12. Rc1 a5 13. Rg1 a4 14. Rc5 Bd7 15. Kd2 Rfc8 16. Rgc1 a6 17. Ne5 Bxe5 18. Bxe5 Rxc5 19. Rxc5 Rc8 20. Kc3 f6 21. Bc7 Kf7 22. Kb4 Bb5 23. Ka5 g5 24. Kb6 h5 25. Kb7 Re8 26. d5 Kg6 27. Ba5 g4 28. Rc7 Rd8 29. e4 Rd7 30. Rxd7 Bxd7 31. Kxa6 Kf7 32. b3 axb3 33. axb3 h4 34. Bd2 g3 35. fxg3 hxg3 36. hxg3 Bh3 37. e5 Bg2 38. d6 exd6 39. exd6 Ke6 40. Bf4 Kd7 41. b4 Bf3 42. Kb6 Bg2 43. Kc5 Bf3 44. Bd2 Ke6 45. Bc3 f5 46. Bd2 Bg2 47. Bf4 Kd7 48. Kd4 Ke6 49. b5 Bf1 50. Kc5 Kd7 51. Bd2 Be2 52. Bb4 Bf1 53. b6 Bg2 54. Kd4 Ke6 55. Ke3 Bc6 56. Kf4 Bb7 57. Bc5 Bc8 58. Ba3 Bb7 59. Bb4 Bc8 1-0

[Event "3rd BSSZ-Aranytiz GM 2019"]
[Site "Budapest"]
[Date "2019.08.18"]
[Round "3.1"]
[White "Csonka, Balazs"]
[Black "Martinovici, Ilie"]
[Result "1-0"]
[ECO "C50"]
[WhiteElo "2472"]
[BlackElo "2405"]
[Annotator "ChessBase"]
[PlyCount "49"]
[EventDate "2019.08.16"]
[EventType "tourn"]
[EventCountry "HUN"]
[SourceTitle "playchess.com"]
[Source "ChessBase"]
[SourceQuality "1"]
[TimeControl "40/5400+30:1800+30"]

1. e4 e5 2. Nf3 Nc6 3. Bc4 Bc5 4. O-O Nf6 5. d3 d6 6. c3 a6 7. Bb3 Ba7 8. Re1 h6 9. Nbd2 Ng4 10. Re2 O-O 11. h3 Nf6 12. Nf1 Be6 13. Re1 d5 14. exd5 Nxd5 15. N1h2 Qd6 16. Ng4 Bxg4 17. hxg4 Rad8 18. Nh4 Qf6 19. Nf5 Nf4 20. d4 Ng6 21. Qf3 Kh7 22. g5 hxg5 23. Qh5+ Kg8 24. Bc2 e4 25. Bxe4 1-0

[Event "3rd BSSZ-Aranytiz GM 2019"]
[Site "Budapest"]
[Date "2019.08.18"]
[Round "3.2"]
[White "Horvath, Adam"]
[Black "Akshat, Khamparia"]
[Result "1-0"]
[ECO "C47"]
[WhiteElo "2517"]
[BlackElo "2393"]
[Annotator "ChessBase"]
[PlyCount "89"]
[EventDate "2019.08.16"]
[EventType "tourn"]
[EventCountry "HUN"]
[SourceTitle "playchess.com"]
[Source "ChessBase"]
[SourceQuality "1"]
[TimeControl "40/5400+30:1800+30"]

1. e4 e5 2. Nf3 Nc6 3. Nc3 Nf6 4. h3 Bc5 5. Nxe5 Nxe5 6. d4 Bd6 7. f4 Ng6 8. e5 Be7 9. exf6 Bxf6 10. Qe2+ Ne7 11. Be3 d5 12. g4 Bh4+ 13. Kd2 O-O 14. Rd1 Re8 15. Bg2 c6 16. Kc1 b5 17. Kb1 Qa5 18. Qd2 b4 19. Ne2 Ba6 20. Nc1 Nc8 21. Bf2 Be7 22. f5 Nd6 23. Rhe1 Nc4 24. Qf4 Bd6 25. Qf3 Qc7 26. Nb3 Bb5 27. f6 g6 28. Rxe8+ Rxe8 29. Re1 Rxe1+ 30. Bxe1 Bf4 31. Bxb4 g5 32. Bf1 Qc8 33. Bd3 Qe6 34. a4 Bxa4 35. Nc5 Qxf6 36. Nxa4 Qxd4 37. Qe2 Ne5 38. Bc3 Qg1+ 39. Ka2 d4 40. Bb4 Qh1 41. Qe4 Qxh3 42. Qf5 Nxd3 43. Qc8+ Kg7 44. Bf8+ Kf6 45. Qf5# 1-0

[Event "3rd BSSZ-Aranytiz GM 2019"]
[Site "Budapest"]
[Date "2019.08.18"]
[Round "3.3"]
[White "Horvath, Dominik"]
[Black "Farago, Ivan"]
[Result "1-0"]
[ECO "E06"]
[WhiteElo "2425"]
[BlackElo "2350"]
[Annotator "NA"]
[PlyCount "81"]
[EventDate "2019.08.16"]
[EventType "tourn"]
[EventCountry "HUN"]
[SourceTitle "playchess.com"]
[Source "ChessBase"]
[SourceQuality "1"]
[TimeControl "40/5400+30:1800+30"]

1. d4 Nf6 2. c4 e6 3. g3 d5 4. Bg2 Be7 5. Nf3 O-O 6. O-O dxc4 7. Qc2 b6 {[%emt 0:00:48] E05: Open Catalan: 5 Nf3 Be7} 8. Bg5 Nd5 9. Bxe7 Qxe7 10. Nbd2 Ba6 11. Nxc4 Nd7 12. Nfe5 $146 ({Predecessor:} 12. Rac1 c5 13. Qa4 Bb7 14. Qa3 N5f6 15. Rfd1 {½-½ (72) Aronian,L (2792)-Fressinet,L (2687) Paris 2016}) 12... Nxe5 13. Nxe5 c5 14. dxc5 Qxc5 15. Qxc5 bxc5 16. Rfc1 Rac8 17. e4 Nb6 18. Rc3 f6 19. Nf3 Bb5 20. Bh3 Kf7 21. Bf1 Bxf1 22. Kxf1 Rfd8 23. Ke2 c4 24. Rac1 Ke7 $14 25. Nd2 Rd4 26. f3 e5 27. R1c2 Rb8 28. Ke3 Na4 29. Rxc4 Rxb2 30. Rxb2 Nxb2 31. Rxd4 Nd1+ 32. Kd3 exd4 33. Kxd4 Nb2 34. Kc5 Kd7 35. Kb5 Kc7 36. Nb3 Nd3 37. Nd4 g6 38. a4 Kb7 39. a5 a6+ 40. Kc4 Ne5+ 41. Kd5 1-0

[Event "3rd BSSZ-Aranytiz GM 2019"]
[Site "Budapest"]
[Date "2019.08.18"]
[Round "3.4"]
[White "Aczel, Gergely"]
[Black "Polyik, Peter"]
[Result "1-0"]
[ECO "A06"]
[WhiteElo "2538"]
[BlackElo "2328"]
[Annotator "ChessBase"]
[PlyCount "41"]
[EventDate "2019.08.16"]
[EventType "tourn"]
[EventCountry "HUN"]
[SourceTitle "playchess.com"]
[Source "ChessBase"]
[SourceQuality "1"]
[TimeControl "40/5400+30:1800+30"]

1. Nf3 d5 2. g3 Nf6 3. Bg2 e6 4. O-O c5 5. d4 cxd4 6. Nxd4 e5 7. Nb3 Be6 8. Nc3 Be7 9. Bg5 Nbd7 10. f4 exf4 11. gxf4 Ng4 12. Bxe7 Qxe7 13. Qd4 Ndf6 14. f5 Bd7 15. Nxd5 Nxd5 16. Bxd5 Ne3 17. Bxb7 Rb8 18. Rf3 Nxc2 19. Qxg7 Rf8 20. Rc1 Ne3 21. Qg3 1-0

[Event "3rd BSSZ-Aranytiz GM 2019"]
[Site "Budapest"]
[Date "2019.08.18"]
[Round "3.5"]
[White "Kozak, Adam"]
[Black "Secheres, Adrian-Simion"]
[Result "1/2-1/2"]
[ECO "A04"]
[WhiteElo "2495"]
[BlackElo "2394"]
[Annotator "ChessBase"]
[PlyCount "93"]
[EventDate "2019.08.16"]
[EventType "tourn"]
[EventCountry "HUN"]
[SourceTitle "playchess.com"]
[Source "ChessBase"]
[SourceQuality "1"]
[TimeControl "40/5400+30:1800+30"]

1. Nf3 c5 2. c4 Nc6 3. g3 e5 4. Nc3 g6 5. Bg2 Bg7 6. O-O Nge7 7. a3 O-O 8. d3 d6 9. Rb1 a5 10. Bd2 Rb8 11. Qa4 Bg4 12. Nb5 Qd7 13. Rfe1 b6 14. b4 axb4 15. axb4 Rfd8 16. bxc5 bxc5 17. Qa3 h6 18. Bc3 Be6 19. Nd2 f5 20. e3 g5 21. Ra1 g4 22. Qa6 h5 23. Nb3 e4 24. Bxg7 Kxg7 25. Qa3 exd3 26. Nd2 Ne5 27. Qc3 N7c6 28. e4 Rf8 29. exf5 Rxf5 30. Ne4 Rxb5 31. cxb5 Nd4 32. b6 Kg6 33. Kh1 Bd5 34. Rab1 Qb7 35. Re3 Rxf2 36. Nxf2 Bxg2+ 37. Kg1 Nef3+ 38. Kxg2 Nh4+ 39. Kf1 Qg2+ 40. Ke1 Qg1+ 41. Kd2 Qxf2+ 42. Kxd3 Qf5+ 43. Kd2 Qxb1 44. Qd3+ Qxd3+ 45. Kxd3 Nhf5 46. b7 Nc6 47. Re8 1/2-1/2

[Event "3rd BSSZ-Aranytiz GM 2019"]
[Site "Budapest"]
[Date "2019.08.19"]
[Round "4.1"]
[White "Martinovici, Ilie"]
[Black "Secheres, Adrian-Simion"]
[Result "1/2-1/2"]
[ECO "D70"]
[WhiteElo "2405"]
[BlackElo "2394"]
[Annotator "NA"]
[PlyCount "114"]
[EventDate "2019.08.16"]
[EventType "tourn"]
[EventCountry "HUN"]
[SourceTitle "playchess.com"]
[Source "ChessBase"]
[SourceQuality "1"]
[TimeControl "40/5400+30:1800+30"]

1. d4 Nf6 2. c4 g6 3. Nf3 Bg7 4. g3 O-O 5. Bg2 c5 6. O-O cxd4 7. Nxd4 d5 8. cxd5 Nxd5 9. Nb5 a6 10. N5c3 Nb6 11. Bg5 Nc6 12. Qxd8 Rxd8 13. Bxc6 bxc6 14. Bxe7 Re8 15. Bg5 Nc4 16. b3 Nd6 17. f3 Bh3 18. Rc1 Nb5 19. Kf2 h6 20. Be3 Bf5 21. g4 Bxb1 22. Nxb5 Bxa1 23. Nd6 Re6 24. Rxb1 Bf6 25. Bf4 Bh4+ 26. Kf1 Rd8 27. Ne4 Rd5 28. Rc1 f5 29. Nc5 Rf6 30. gxf5 Rfxf5 31. e4 Rxc5 32. exf5 Rxf5 33. Rc4 g5 34. Be3 Rxf3+ 35. Ke2 Rf6 36. Ra4 Re6 37. Rxa6 g4 38. Kd3 g3 39. hxg3 Bxg3 40. Ra5 Bd6 41. a4 Kf7 42. Rh5 Ke8 43. Bxh6 Kd7 44. Be3 Kc7 45. Bd4 Kb7 46. Rh7+ Re7 47. Rh6 Bc7 48. Kc4 Rd7 49. b4 Rf7 50. Bc5 Rf4+ 51. Kd3 Rf3+ 52. Ke2 Rf7 53. a5 Ka6 54. Rh5 Rd7 55. Ke3 Bxa5 56. bxa5 Rd5 57. Rxd5 cxd5 1/2-1/2

[Event "3rd BSSZ-Aranytiz GM 2019"]
[Site "Budapest"]
[Date "2019.08.19"]
[Round "4.2"]
[White "Polyik, Peter"]
[Black "Kozak, Adam"]
[Result "0-1"]
[ECO "A62"]
[WhiteElo "2328"]
[BlackElo "2495"]
[Annotator "ChessBase"]
[PlyCount "144"]
[EventDate "2019.08.16"]
[EventType "tourn"]
[EventCountry "HUN"]
[SourceTitle "playchess.com"]
[Source "ChessBase"]
[SourceQuality "1"]
[TimeControl "40/5400+30:1800+30"]

1. d4 Nf6 2. c4 e6 3. g3 c5 4. d5 exd5 5. cxd5 d6 6. Nc3 g6 7. Bg2 Bg7 8. Nf3 O-O 9. O-O Re8 10. Bf4 Ne4 11. Nxe4 Rxe4 12. Nd2 Rxf4 13. gxf4 Bxb2 14. Rb1 Bg7 15. e4 Qh4 16. Qb3 Qxf4 17. Nc4 b6 18. Qg3 Qxg3 19. hxg3 Ba6 20. Rfc1 Bxc4 21. Rxc4 Na6 22. f4 Bd4+ 23. Kh2 Nc7 24. Rbc1 Bg7 25. e5 Rd8 26. Ra4 a6 27. Re1 b5 28. Ra5 Bf8 29. Rc1 Re8 30. a4 dxe5 31. axb5 axb5 32. Ra7 Bd6 33. fxe5 Rxe5 34. Rxc7 Bxc7 35. Rxc5 Rh5+ 36. Bh3 Bd6 37. Rxb5 Rg5 38. Rb3 Rxd5 39. Kg2 h5 40. Kf3 Kg7 41. Bf1 Rg5 42. Kf2 Bc5+ 43. Kg2 Rf5 44. Rf3 Re5 45. Bc4 f5 46. Rb3 Re4 47. Bd3 Ra4 48. Rc3 Bd6 49. Bb5 Rb4 50. Be8 Rb8 51. Re3 Rb2+ 52. Kf1 Rb1+ 53. Kg2 Rb2+ 54. Kf1 Bxg3 55. Rxg3 Rb6 56. Rc3 Re6 57. Rc7+ Kh6 58. Bf7 Rf6 59. Be8 Rf8 60. Bf7 Kg5 61. Bc4 Kf4 62. Bf7 Kg5 63. Bc4 h4 64. Kg2 Kf4 65. Bf7 g5 66. Bg6 g4 67. Rf7 h3+ 68. Kh2 Rxf7 69. Bxf7 Kf3 70. Be6 Kf2 71. Bd5 f4 72. Bg2 g3+ 0-1

[Event "3rd BSSZ-Aranytiz GM 2019"]
[Site "Budapest"]
[Date "2019.08.19"]
[Round "4.3"]
[White "Farago, Ivan"]
[Black "Aczel, Gergely"]
[Result "0-1"]
[ECO "A90"]
[WhiteElo "2350"]
[BlackElo "2538"]
[Annotator "ChessBase"]
[PlyCount "86"]
[EventDate "2019.08.16"]
[EventType "tourn"]
[EventCountry "HUN"]
[SourceTitle "playchess.com"]
[Source "ChessBase"]
[SourceQuality "1"]
[TimeControl "40/5400+30:1800+30"]

1. d4 f5 2. c4 Nf6 3. g3 e6 4. Bg2 c6 5. Nf3 d5 6. O-O Bd6 7. b3 Qe7 8. Ne5 O-O 9. Bb2 b6 10. cxd5 exd5 11. Qc2 Qe8 12. Nd2 g6 13. Ndf3 Bb7 14. Ne1 a5 15. N1d3 Na6 16. a3 Rc8 17. b4 axb4 18. axb4 Nc7 19. Rfc1 Nb5 20. Qb3 Kh8 21. Rc2 Ng8 22. Rac1 Ne7 23. h4 h6 24. Nf4 Kh7 25. e3 Rf6 26. Nf3 Bb8 27. Nd3 Nd6 28. Ra1 Rf8 29. Nde5 Bc7 30. Bf1 Bb8 31. Be2 b5 32. Nd3 Ng8 33. Nc5 Qe7 34. Ne5 Nf6 35. Na6 Ba7 36. Nc5 Bb6 37. Bc1 Nc4 38. Nxb7 Qxb7 39. Rca2 Ra8 40. Nd3 Ne4 41. Nc5 Rxa2 42. Qxa2 Bxc5 43. dxc5 Nc3 0-1

[Event "3rd BSSZ-Aranytiz GM 2019"]
[Site "Budapest"]
[Date "2019.08.19"]
[Round "4.4"]
[White "Akshat, Khamparia"]
[Black "Horvath, Dominik"]
[Result "1-0"]
[ECO "D30"]
[WhiteElo "2393"]
[BlackElo "2425"]
[Annotator "NA"]
[PlyCount "133"]
[EventDate "2019.08.16"]
[EventType "tourn"]
[EventCountry "HUN"]
[SourceTitle "playchess.com"]
[Source "ChessBase"]
[SourceQuality "1"]
[TimeControl "40/5400+30:1800+30"]

1. d4 d5 2. c4 e6 3. Nf3 Nf6 4. e3 a6 5. b3 b6 6. Bd3 Bb7 7. O-O Nbd7 8. Bb2 Ne4 9. Nc3 Bd6 10. Ne2 O-O 11. Rc1 Qe7 12. Ne5 Rfd8 13. cxd5 exd5 14. Nc6 Bxc6 15. Rxc6 Qh4 16. g3 Qh3 17. Rc2 c5 18. Nf4 Bxf4 19. exf4 Re8 20. Re1 Re6 21. f3 Nd6 22. Bf1 Qf5 23. Rce2 Rae8 24. Rxe6 Rxe6 25. dxc5 bxc5 26. Rxe6 Qxe6 27. Qe2 Qxe2 28. Bxe2 Nb5 29. a4 Nc7 30. Bc3 Nf6 31. Ba5 Ne6 32. Bxa6 Nd4 33. Bb7 Nxb3 34. Bd8 c4 35. Bxf6 gxf6 36. Bxd5 Nc5 37. Bxc4 Nxa4 38. Kf2 Nb6 39. Bd3 h6 40. Ke3 Kf8 41. Kd4 Ke7 42. h4 Nc8 43. Kd5 Nd6 44. g4 Ne8 45. Kc6 Nd6 46. h5 Ne8 47. Bb1 Nd6 48. g5 fxg5 49. fxg5 hxg5 50. h6 f6 51. h7 Nf7 52. Kd5 Kf8 53. Bg6 Nh8 54. Bh5 f5 55. Ke6 g4 56. fxg4 fxg4 57. Kf6 g3 58. Bf3 Nf7 59. Bg2 Nh8 60. Bd5 g2 61. Bxg2 Nf7 62. Bd5 Nh8 63. Be4 Nf7 64. Bg6 Nh8 65. Bh5 Nf7 66. Kg6 Nh8+ 67. Kh6 1-0

[Event "3rd BSSZ-Aranytiz GM 2019"]
[Site "Budapest"]
[Date "2019.08.21"]
[Round "5.1"]
[White "Horvath, Adam"]
[Black "Martinovici, Ilie"]
[Result "1-0"]
[ECO "C06"]
[WhiteElo "2517"]
[BlackElo "2405"]
[Annotator "ChessBase"]
[PlyCount "109"]
[EventDate "2019.08.16"]
[EventType "tourn"]
[EventCountry "HUN"]
[SourceTitle "playchess.com"]
[Source "ChessBase"]
[SourceQuality "1"]
[TimeControl "40/5400+30:1800+30"]

1. e4 e6 2. d4 d5 3. Nd2 Nf6 4. e5 Nfd7 5. Bd3 c5 6. c3 Nc6 7. Ne2 cxd4 8. cxd4 f6 9. exf6 Nxf6 10. Nf3 Bd6 11. O-O Qc7 12. h3 O-O 13. Be3 Bd7 14. Re1 a6 15. Rc1 Rac8 16. Nc3 Qb8 17. Bb1 Ne7 18. Ne5 Be8 19. Bg5 b5 20. Ng4 Bd7 21. Nxf6+ gxf6 22. Bh6 Rf7 23. Qg4+ Kh8 24. Qh5 Kg8 25. Ne2 Rxc1 26. Rxc1 f5 27. Qg5+ Ng6 28. Qd2 Qb6 29. Nf4 Be7 30. Nxg6 hxg6 31. Bf4 Bf6 32. Be5 Bxe5 33. dxe5 Kg7 34. b4 Qd8 35. Qd4 Be8 36. Rc3 Qb8 37. f4 Rc7 38. Bd3 Rxc3 39. Qxc3 Qb6+ 40. Qc5 Qxc5+ 41. bxc5 Kf7 42. Kf2 d4 43. g4 a5 44. Ke2 Bc6 45. g5 b4 46. Bc4 a4 47. Kd3 Bd5 48. Kxd4 a3 49. h4 b3 50. Bxb3 Bxb3 51. c6 Bd5 52. Kc5 Ke7 53. Kb6 Bf3 54. c7 Kd7 55. h5 1-0